BR (22 & UNDER)
OCEANSIDE SWAMP FOXES @ HARTFORD DARTH WHALERS
09/04/2029
 
TOP OF THE 1ST
Oceanside Swamp Foxes batting - Pitching for Hartford Darth Whalers : RHP Pete Booker
Pitching: RHP Pete Booker
Batting: SHB Teko de Bruin 0-0: Called Strike
0-1: Ball
1-1: Foul Ball, location: 2F
1-2: Hit by Pitch
Batting: RHB Ricardo López 0-0: Called Strike
0-1: SINGLE (Groundball, 4MD)
Teko de Bruin to second
Runner from 2nd tries for 3rd, SAFE, no throw
Batting: RHB Howard Reed 0-0: Ball
Ricardo López steals 2nd base
1-0: Foul Ball, location: 2F
1-1: Ball
2-1: SINGLE (Groundball, 56D)
Teko de Bruin scores
Ricardo López to third
Runner from 3rd tries for Home, SAFE, no throw
Batting: RHB Rubén Ramírez 0-0: Fielders Choice at 2nd, 4-6 (Groundball, 4M)
Batting: LHB Ernesto Rivera 0-0: Called Strike
Rubén Ramírez is caught stealing 2nd base
0-1: Foul Ball, location: 2F
0-2: Strikes out looking
Top of the 1st over - 2 runs, 2 hits, 0 errors, 0 left on base; Oceanside 2 - Hartford 0
BOTTOM OF THE 1ST
Hartford Darth Whalers batting - Pitching for Oceanside Swamp Foxes : RHP Carlos Morales
Pitching: RHP Carlos Morales
Batting: LHB Bill Poe 0-0: Fly out, F6 (Popup, 6S)
Batting: RHB Ryan Thrippleton 0-0: Swinging Strike
0-1: Called Strike
0-2: Ball
1-2: Foul Ball, location: 2F
1-2: Strikes out swinging
Batting: LHB Steve Woods 0-0: Called Strike
0-1: Swinging Strike
0-2: Ball
1-2: Foul Ball, location: 2F
1-2: Strikes out swinging
Bottom of the 1st over - 0 runs, 0 hits, 0 errors, 0 left on base; Oceanside 2 - Hartford 0
TOP OF THE 2ND
Oceanside Swamp Foxes batting - Pitching for Hartford Darth Whalers : RHP Pete Booker
Batting: RHB Pat Greene 0-0: Called Strike
0-1: Ball
1-1: Ball
2-1: Swinging Strike
2-2: Ball
3-2: Base on Balls
Batting: RHB Francisco Fidal 0-0: Grounds into double play, 6-4-3 (Groundball, 6)
Batting: RHB Orlando Chapa 0-0: Ball
1-0: Fly out, F9 (Line Drive, 89M)
Top of the 2nd over - 0 runs, 0 hits, 0 errors, 0 left on base; Oceanside 2 - Hartford 0
BOTTOM OF THE 2ND
Hartford Darth Whalers batting - Pitching for Oceanside Swamp Foxes : RHP Carlos Morales
Batting: LHB Todd Gilliam 0-0: Ball
1-0: Called Strike
1-1: Ball
2-1: Called Strike
2-2: Ball
3-2: Foul Ball, location: 2F
3-2: Fly out, F9 (Flyball, 9)
Batting: RHB Ernesto Quintero 0-0: SINGLE (Groundball, 25) (infield hit)
Batting: LHB Timothy Pierce 0-0: Called Strike
0-1: Ball
1-1: Called Strike
1-2: Foul Ball, location: 2F
1-2: Ball
2-2: Foul Ball, location: 2F
2-2: Strikes out swinging
Batting: RHB Chester Mullins 0-0: Ball
1-0: Fly out, F6 (Popup, 6D)
Bottom of the 2nd over - 0 runs, 1 hit, 0 errors, 1 left on base; Oceanside 2 - Hartford 0
TOP OF THE 3RD
Oceanside Swamp Foxes batting - Pitching for Hartford Darth Whalers : RHP Pete Booker
Batting: RHB Roberto Santos 0-0: Foul Ball, location: 2F
0-1: Fly out, F7 (Flyball, 78XD)
Batting: SHB Teko de Bruin 0-0: Fly out, F9 (Line Drive, 9LM)
Batting: RHB Ricardo López 0-0: Swinging Strike
0-1: Swinging Strike
0-2: Ball
1-2: SINGLE (Line Drive, 4D)
Batting: RHB Howard Reed 0-0: Called Strike
0-1: Ball
1-1: Swinging Strike
1-2: Foul Ball, location: 2F
1-2: DOUBLE (Flyball, 8LXD)
Ricardo López to third
Runner from 3rd tries for Home, SAFE, no throw
Batting: RHB Rubén Ramírez 0-0: Ground out 5-3 (Groundball, 56)
Top of the 3rd over - 1 run, 2 hits, 0 errors, 1 left on base; Oceanside 3 - Hartford 0
BOTTOM OF THE 3RD
Hartford Darth Whalers batting - Pitching for Oceanside Swamp Foxes : RHP Carlos Morales
Batting: LHB Fernando Martínez 0-0: Ball
1-0: SINGLE (Line Drive, 6M)
Batting: RHB Justin López 0-0: Ball
1-0: Ball
2-0: Called Strike
2-1: Ball
3-1: Swinging Strike
3-2: Strikes out swinging
Batting: LHB Bill Poe 0-0: Ball
1-0: Called Strike
1-1: Fly out, F7 (Flyball, 7)
Batting: RHB Ryan Thrippleton 0-0: 2-RUN HOME RUN (Flyball, 9D), Distance : 426 ft
Batting: LHB Steve Woods 0-0: Ball
1-0: Called Strike
1-1: Foul Ball, location: 2F
1-2: Ball
2-2: Strikes out swinging
Bottom of the 3rd over - 2 runs, 2 hits, 0 errors, 0 left on base; Oceanside 3 - Hartford 2
TOP OF THE 4TH
Oceanside Swamp Foxes batting - Pitching for Hartford Darth Whalers : RHP Pete Booker
Batting: LHB Ernesto Rivera 0-0: Called Strike
0-1: Ball
1-1: Fly out, F9 (Line Drive, 9LM)
Batting: RHB Pat Greene 0-0: Called Strike
0-1: Swinging Strike
0-2: Ball
1-2: Ball
2-2: Strikes out swinging
Batting: RHB Francisco Fidal 0-0: Ball
1-0: Swinging Strike
1-1: Foul Ball, location: 2F
1-2: Ball
2-2: Strikes out looking
Top of the 4th over - 0 runs, 0 hits, 0 errors, 0 left on base; Oceanside 3 - Hartford 2
BOTTOM OF THE 4TH
Hartford Darth Whalers batting - Pitching for Oceanside Swamp Foxes : RHP Carlos Morales
Batting: LHB Todd Gilliam 0-0: Swinging Strike
0-1: Ball
1-1: Ball
2-1: Swinging Strike
2-2: Foul Ball, location: 2F
2-2: Strikes out looking
Batting: RHB Ernesto Quintero 0-0: Foul Ball, location: 2F
0-1: Swinging Strike
0-2: Ball
1-2: Ball
2-2: Strikes out looking
Batting: LHB Timothy Pierce 0-0: Called Strike
0-1: Foul Ball, location: 2F
0-2: Ball
1-2: Foul Ball, location: 2F
1-2: Ball
2-2: Ground out 4-3 (Groundball, 34)
Bottom of the 4th over - 0 runs, 0 hits, 0 errors, 0 left on base; Oceanside 3 - Hartford 2
TOP OF THE 5TH
Oceanside Swamp Foxes batting - Pitching for Hartford Darth Whalers : RHP Pete Booker
Batting: RHB Orlando Chapa 0-0: Ground out 6-3 (Groundball, 6)
Batting: RHB Roberto Santos 0-0: Ball
1-0: Swinging Strike
1-1: Ball
2-1: Called Strike
2-2: Strikes out looking
Batting: SHB Teko de Bruin 0-0: Ball
1-0: Called Strike
1-1: Fly out, F4 (Popup, 4)
Top of the 5th over - 0 runs, 0 hits, 0 errors, 0 left on base; Oceanside 3 - Hartford 2
BOTTOM OF THE 5TH
Hartford Darth Whalers batting - Pitching for Oceanside Swamp Foxes : RHP Carlos Morales
Batting: RHB Chester Mullins 0-0: Called Strike
0-1: Ball
1-1: Foul Ball, location: 2F
1-2: Foul Ball, location: 2F
1-2: Ball
2-2: Hit by Pitch
Batting: LHB Fernando Martínez 0-0: Ball
1-0: DOUBLE (Flyball, 8LXD)
Chester Mullins to third
Batting: RHB Justin López 0-0: Fly out, F7 (Flyball, 7)
Runner from 3rd tags up, SCORES, throw made
Batting: LHB Bill Poe 0-0: Called Strike
0-1: Ball
1-1: Ball
Wild Pitch!
Fernando Martínez to third
2-1: Ball
3-1: Foul Ball, location: 2F
3-2: Base on Balls
Batting: RHB Ryan Thrippleton 0-0: Ball
1-0: Called Strike
Bill Poe steals 2nd base
1-1: Ground out 4-3 (Groundball, 34)
Fernando Martínez scores
Bill Poe to third
Batting: LHB Steve Woods 0-0: Ball
1-0: Foul Ball, location: 2F
1-1: Called Strike
1-2: Strikes out swinging
Bottom of the 5th over - 2 runs, 1 hit, 0 errors, 1 left on base; Oceanside 3 - Hartford 4
TOP OF THE 6TH
Oceanside Swamp Foxes batting - Pitching for Hartford Darth Whalers : RHP Pete Booker
Batting: RHB Ricardo López 0-0: Called Strike
0-1: Foul Ball, location: 2F
0-2: Ball
1-2: Foul Ball, location: 2F
1-2: Ground out U3 (Groundball, 34)
Batting: RHB Howard Reed 0-0: Ball
1-0: Foul Ball, location: 2F
1-1: Swinging Strike
1-2: Strikes out swinging
Batting: RHB Rubén Ramírez 0-0: Called Strike
0-1: Ball
1-1: Swinging Strike
1-2: Strikes out swinging
Top of the 6th over - 0 runs, 0 hits, 0 errors, 0 left on base; Oceanside 3 - Hartford 4
BOTTOM OF THE 6TH
Hartford Darth Whalers batting - Pitching for Oceanside Swamp Foxes : RHP Carlos Morales
Pitching: LHP César García
Batting: LHB Todd Gilliam 0-0: Foul Ball, location: 2F
0-1: Ball
1-1: Ball
2-1: Foul Ball, location: 2F
2-2: SINGLE (Line Drive, 4MD)
Batting: RHB Ernesto Quintero 0-0: Called Strike
0-1: Called Strike
0-2: Ball
1-2: Strikes out swinging
Batting: LHB Timothy Pierce 0-0: Called Strike
Todd Gilliam steals 2nd base
0-1: Swinging Strike
0-2: Strikes out swinging
Batting: RHB Chester Mullins 0-0: Called Strike
0-1: Called Strike
0-2: Ball
1-2: Ball
2-2: Fly out, F8 (Flyball, 8LD)
Bottom of the 6th over - 0 runs, 1 hit, 0 errors, 1 left on base; Oceanside 3 - Hartford 4
TOP OF THE 7TH
Oceanside Swamp Foxes batting - Pitching for Hartford Darth Whalers : RHP Pete Booker
Batting: LHB Ernesto Rivera 0-0: Ball
1-0: Fly out, F7 (Flyball, 7LS)
Batting: RHB Pat Greene 0-0: Ball
1-0: Ball
2-0: Ground out 5-3 (Groundball, 56)
Batting: RHB Francisco Fidal 0-0: Called Strike
0-1: Swinging Strike
0-2: Ball
1-2: Strikes out swinging
Top of the 7th over - 0 runs, 0 hits, 0 errors, 0 left on base; Oceanside 3 - Hartford 4
BOTTOM OF THE 7TH
Hartford Darth Whalers batting - Pitching for Oceanside Swamp Foxes : LHP César García
Batting: LHB Fernando Martínez 0-0: Ball
1-0: Ball
2-0: Swinging Strike
2-1: Swinging Strike
2-2: Fly out, F8 (Flyball, 8LD)
Batting: RHB Justin López 0-0: Ball
1-0: Ball
2-0: Ball
3-0: Called Strike
3-1: Base on Balls
Batting: LHB Bill Poe 0-0: Called Strike
0-1: Ball
1-1: Foul Ball, location: 2F
1-2: Strikes out swinging
Justin López steals 2nd base
Batter strikes out.
Batting: RHB Ryan Thrippleton 0-0: Ball
1-0: Ball
2-0: Called Strike
2-1: Foul Ball, location: 2F
2-2: Foul Ball, location: 2F
2-2: Foul Ball, location: 2F
2-2: Ball
3-2: Base on Balls
Batting: LHB Steve Woods 0-0: Called Strike
0-1: Foul Ball, location: 2F
0-2: Ball
1-2: Fielders Choice at 2nd, 6-4 (Groundball, 6)
Bottom of the 7th over - 0 runs, 0 hits, 0 errors, 2 left on base; Oceanside 3 - Hartford 4
TOP OF THE 8TH
Oceanside Swamp Foxes batting - Pitching for Hartford Darth Whalers : RHP Pete Booker
Now at 2B: Jorge Morán
Batting: RHB Orlando Chapa 0-0: Foul Ball, location: 2F
0-1: Ground out 6-3 (Groundball, 6)
Batting: RHB Roberto Santos 0-0: Called Strike
0-1: Swinging Strike
0-2: Strikes out swinging
Batting: SHB Teko de Bruin 0-0: Ground out U3 (Groundball, 3)
Top of the 8th over - 0 runs, 0 hits, 0 errors, 0 left on base; Oceanside 3 - Hartford 4
BOTTOM OF THE 8TH
Hartford Darth Whalers batting - Pitching for Oceanside Swamp Foxes : LHP César García
Batting: LHB Todd Gilliam 0-0: Called Strike
0-1: Foul Ball, location: 2F
0-2: SINGLE (Groundball, 34D)
Batting: RHB Ernesto Quintero 0-0: Ball
1-0: SINGLE (Flyball, 89S)
Todd Gilliam to second
Batting: LHB Timothy Pierce 0-0: Ball
1-0: Ball
2-0: Ball
Passed Ball!
Todd Gilliam to third
Ernesto Quintero to second
3-0: Called Strike
3-1: Foul Ball, location: 2F
3-2: SINGLE (Line Drive, 4M)
Todd Gilliam scores
Ernesto Quintero to third
Batting: RHB Chester Mullins 0-0: Ball
1-0: Foul Ball, location: 2F
1-1: Foul Ball, location: 2F
1-2: Strikes out swinging
Pinch Hitting: LHB Alejandro Gómez 0-0: Swinging Strike
0-1: Foul Ball, location: 2F
0-2: Ball
1-2: Foul Ball, location: 2F
1-2: SINGLE (Groundball, 4MD)
Ernesto Quintero scores
Timothy Pierce to second
Pitching: RHP Daniel Gordon
Batting: RHB Justin López 0-0: Ball
1-0: Ground out 6-3 (Groundball, 6S)
Timothy Pierce to third
Alejandro Gómez to second
Batting: LHB Bill Poe 0-0: Ball
1-0: Foul Ball, location: 2F
1-1: Swinging Strike
1-2: Fly out, F8 (Flyball, 8RM)
Bottom of the 8th over - 2 runs, 4 hits, 0 errors, 2 left on base; Oceanside 3 - Hartford 6
TOP OF THE 9TH
Oceanside Swamp Foxes batting - Pitching for Hartford Darth Whalers : RHP Pete Booker
Pitching: LHP Michael Young
Now at 3B: Fernando Núñez
Batting: RHB Ricardo López 0-0: Ground out 6-3 (Groundball, 6)
Batting: RHB Howard Reed 0-0: Swinging Strike
0-1: Swinging Strike
0-2: Strikes out swinging
Batting: RHB Rubén Ramírez 0-0: Called Strike
0-1: Ball
1-1: Swinging Strike
1-2: Ground out 5-3 (Groundball, 56S)
Top of the 9th over - 0 runs, 0 hits, 0 errors, 0 left on base; Oceanside 3 - Hartford 6
Saturday, December 16th, 2017 - OOTP Baseball 18.8 Build 76